Map: [ESL] Berlingrad

Players

Scarlett

  • Race: Zerg Zerg

Zoun - Winner!

  • Race: Protoss Protoss

Event: IEM Katowice 2022

VOD

Have the link to the VOD?

Description

Time

  • Played on: Feb. 25, 2022, 12:07 p.m.
  • Length: 10:33

All games in this series

Show
View Real Time Build Order
Export as new Build Order

Scarlett Zerg 

Build Orders: Hatch First 

Get SALT Encoding   

  12  0:00  Drone  
  13  0:12  Overlord  
  13  0:16  Drone  
  14  0:30  Drone x2  
  14  0:35  Drone  
  17  0:51  Hatchery  
  17  0:54  Drone  
  17  0:57  Drone  
  18  1:08  Extractor  
  17  1:12  Spawning Pool  
  17  1:15  Drone  
  17  1:19  Drone  
  18  1:28  Drone  
  19  1:39  Drone  
  20  1:49  Overlord  
  20  1:59  Queen  
  22  2:02  Queen, Zergling x2  
  22  2:03  Drone  
  26  2:11  Drone, Metabolic Boost  
  26  2:13  Drone  
  28  2:22  Zergling x2  
  29  2:24  Drone  
  30  2:32  Hatchery  
  30  2:36  Drone  
  30  2:41  Queen  
  30  2:43  Drone  
  33  2:48  Overlord  
  33  2:50  Drone  
  34  2:56  Drone  
  35  3:02  Drone  
  36  3:07  Drone  
  36  3:08  Queen  
  36  3:10  Drone x3  
  36  3:11  Drone  
  43  3:15  Overlord  
  43  3:20  Drone  
  44  3:27  Overlord  
  44  3:33  Queen  
  46  3:35  Drone  
  46  3:38  Drone x4  
  51  3:43  Drone  
  51  3:48  Queen  
  51  3:53  Roach Warren, Zergling x4  
  54  3:57  Zergling x6  
  54  3:59  Zergling x2  
  54  4:00  Drone  
  59  4:12  Overlord  
  59  4:13  Zergling x2  
  59  4:14  Zergling x4  
  62  4:21  Drone x4  
  62  4:23  Overlord  
  66  4:24  Extractor  
  66  4:25  Extractor  
  66  4:28  Overlord  
  64  4:31  Zergling x14  
  64  4:36  Spore Crawler x2  
  69  4:40  Roach  
  69  4:42  Roach  
  73  4:48  Roach  
  73  4:50  Lair  
  73  4:51  Roach x2  
  79  4:56  Roach x2  
  85  5:00  Roach  
  85  5:01  Roach  
  85  5:04  Overlord  
  87  5:09  Zergling x6  
  87  5:13  Overlord  
  90  5:22  Overlord  
  90  5:24  Drone, Spore Crawler  
  90  5:25  Drone x3  
  93  5:33  Drone x4  
  95  5:40  Drone x2  
  95  5:46  Overlord  
  95  5:47  Drone x2  
  98  5:50  Drone x2  
  98  5:54  Glial Reconstitution  
  98  5:56  Drone  
  98  5:57  Drone  
  100  5:59  Overlord  
  100  6:01  Drone x2  
  102  6:04  Drone  
  102  6:05  Drone  
  102  6:06  Overseer  
  104  6:16  Roach x5  
  114  6:22  Ravager x4  
  118  6:27  Roach x3  
  118  6:30  Drone x3, Overlord  
  118  6:31  Drone x2  
  129  6:41  Extractor  
  129  6:43  Overlord, Evolution Chamber, Baneling Nest  
  129  6:46  Extractor  
  125  6:47  Extractor  
  125  6:51  Drone x8, Overlord  
  132  7:07  Drone x4  
  130  7:09  Drone x5  
  130  7:12  Hatchery  
  131  7:22  Zerg Missile Weapons Level 1  
  131  7:26  Drone  
  131  7:27  Roach x6  
  131  7:29  Ravager x3  
  147  7:30  Overlord  
  147  7:33  Overlord  
  147  7:37  Baneling x6  
  147  7:43  Baneling x4  
  147  7:50  Overlord x5  
  147  7:56  Centrifugal Hooks  
  147  8:00  Hatchery  
  144  8:06  Roach x4  
  149  8:14  Roach  
  149  8:15  Roach x5  
  158  8:26  Roach x7  
  165  8:34  Baneling  
  165  8:35  Baneling x6  
  158  8:41  Roach x7  
  158  8:45  Roach x2  
  158  8:48  Roach x2  
  157  8:54  Roach x3  
  139  8:58  Roach x2  
  139  9:02  Roach x2  
  115  9:05  Roach  
  115  9:06  Roach x2  
  115  9:09  Roach  
  103  9:11  Roach  
  103  9:14  Roach  
  97  9:18  Roach  
  87  9:27  Roach  
  87  9:28  Roach  
  87  9:30  Roach  
  87  9:31  Roach  
  87  9:35  Roach  
  84  9:42  Ravager  
  84  9:43  Roach x3, Ravager  
  90  9:48  Roach  
  90  9:52  Ravager  
  91  9:57  Roach x3  
  87  10:02  Roach x2  
  87  10:04  Roach  
  79  10:08  Roach  
  79  10:11  Roach  
  79  10:12  Roach  
  71  10:14  Roach  
  71  10:17  Ravager  
Show
View Real Time Build Order
Export as new Build Order

Zoun Protoss - Winner!

Build Orders: 1 Gate Expand, Mass Adepts 

Get SALT Encoding   

  12  0:00  Probe  
  13  0:12  Probe  
  14  0:19  Pylon  
  14  0:24  Probe  
  15  0:37  Probe (Chrono Boost)  
  15  0:39  Gateway  
  16  0:48  Probe (Chrono Boost)  
  16  0:49  Assimilator  
  17  0:52  Probe (Chrono Boost)  
  18  1:03  Probe  
  19  1:15  Probe  
  20  1:26  Nexus  
  20  1:36  Cybernetics Core  
  20  1:39  Probe  
  21  1:45  Assimilator  
  21  1:51  Probe  
  21  1:54  Pylon  
  22  2:03  Probe  
  23  2:10  Adept (Chrono Boost)  
  25  2:15  Probe  
  25  2:16  Warp Gate  
  25  2:20  Twilight Council  
  26  2:28  Probe (Chrono Boost)  
  27  2:32  Stalker  
  29  2:37  Probe (Chrono Boost)  
  29  2:40  Probe (Chrono Boost)  
  31  2:47  Probe (Chrono Boost)  
  31  2:48  Probe (Chrono Boost)  
  33  2:52  Robotics Facility  
  33  2:53  Probe  
  33  2:55  Probe  
  35  3:03  Resonating Glaives  
  35  3:06  Probe  
  35  3:09  Probe  
  35  3:10  Gateway  
  37  3:18  Probe  
  38  3:22  Probe  
  38  3:26  Gateway  
  39  3:28  Gateway  
  39  3:36  Warp Prism (Chrono Boost)  
  41  3:44  Probe x2  
  41  3:45  Pylon  
  43  3:52  Assimilator  
  43  3:55  Pylon  
  43  3:56  Probe x2  
  45  4:04  Adept x2  
  49  4:11  Probe  
  49  4:12  Probe  
  51  4:26  Assimilator  
  51  4:27  Adept  
  51  4:28  Adept x3  
  51  4:30  Probe x2  
  61  4:38  Robotics Bay  
  61  4:39  Observer  
  61  4:41  Pylon  
  61  4:42  Pylon  
  62  4:52  Shield Battery  
  62  4:59  Probe x2, Adept x3  
  70  5:00  Adept  
  72  5:12  Probe  
  73  5:25  Adept x2  
  77  5:29  Pylon  
  78  5:35  Probe  
  78  5:36  Gravitic Drive  
  78  5:43  Pylon, Disruptor (Chrono Boost)  
  78  5:47  Probe  
  82  5:52  Blink (Chrono Boost), Adept  
  82  5:53  Pylon  
  82  5:56  Nexus  
  84  6:00  Probe  
  85  6:08  Gateway  
  85  6:09  Gateway, Disruptor (Chrono Boost)  
  85  6:12  Gateway  
  85  6:13  Gateway  
  85  6:14  Shield Battery  
  85  6:16  Probe x2  
  89  6:26  Pylon  
  89  6:28  Probe x2  
  91  6:35  Shield Battery  
  91  6:38  Shield Battery  
  91  6:41  Observer  
  91  6:45  Stalker x4  
  100  6:49  Probe x2  
  100  6:52  Pylon  
  102  7:13  Stalker  
  102  7:14  Stalker x5, Disruptor (Chrono Boost)  
  113  7:25  Stalker x2  
  117  7:45  Disruptor  
  120  7:51  Stalker x6  
  120  7:54  Pylon  
  120  7:55  Pylon  
  118  8:21  Stalker  
  118  8:22  Stalker x6  
  127  8:34  Stalker  
  124  8:42  Probe  
  124  8:44  Stalker  
  124  8:45  Stalker x3  
  114  8:54  Stalker  
  114  8:55  Stalker  
  98  9:02  Adept x2  
  88  9:11  Adept x2  
  88  9:12  Adept  
  74  9:27  Stalker x5  
  76  9:37  Stalker  
  68  10:07  Stalker x3  
  68  10:12  Stalker  
  68  10:30  Stalker x2  

Tags
 
Add a new tag
Caveats
  • Supply blocks, unpowered buildings, or Contaminate may cause inaccurate times.
  • Supply counts are checked every 10 seconds.